NYP
VERMONT LAKE MONSTERS @ IDAHO FALLS CHUKARS
09/13/2048
 
TOP OF THE 1ST
Vermont Lake Monsters batting - Pitching for Idaho Falls Chukars : RHP Tom Daniels
Pitching: RHP Tom Daniels
Batting: RHB Walt Alaniz 0-0: Fly out, F6 (Line Drive, 6, EV 68.1 MPH)
Batting: SHB Steve Salafia 0-0: Ball
1-0: Ball
2-0: Swinging Strike
2-1: Fly out, F7 (Line Drive, 78D, EV 95.6 MPH)
Batting: RHB Zachary Anderson 0-0: Called Strike
0-1: Ball
1-1: Ball
2-1: Foul Ball, location: 2F
2-2: Foul Ball, location: 2F
2-2: Strikes out swinging
Top of the 1st over - 0 runs, 0 hits, 0 errors, 0 left on base; Vermont 0 - Idaho Falls 0
BOTTOM OF THE 1ST
Idaho Falls Chukars batting - Pitching for Vermont Lake Monsters : LHP Steve Lima
Pitching: LHP Steve Lima
Batting: RHB Ruben Luis 0-0: Ball
1-0: Ball
2-0: Ground out 6-3 (Groundball, 6M, EV 78.1 MPH)
Batting: RHB Trevor Kingston 0-0: Ball
1-0: Ball
2-0: Called Strike
2-1: Fly out, F7 (Flyball, 78S, EV 88.1 MPH)
Batting: RHB Chance Argy 0-0: Ball
1-0: Called Strike
1-1: Foul Ball, location: 2F
1-2: SINGLE (Line Drive, 34D, EV 110.0 MPH)
Batting: LHB Vicente Hernandez 0-0: Ball
1-0: Called Strike
1-1: Ball
2-1: Foul Ball, location: 2F
2-2: Foul Ball, location: 2F
2-2: Fly out, F8 (Flyball, 8RM, EV 89.4 MPH)
Bottom of the 1st over - 0 runs, 1 hit, 0 errors, 1 left on base; Vermont 0 - Idaho Falls 0
TOP OF THE 2ND
Vermont Lake Monsters batting - Pitching for Idaho Falls Chukars : RHP Tom Daniels
Batting: LHB Brian Puccio 0-0: Foul Ball, location: 2F
0-1: Called Strike
0-2: Ball
1-2: Strikes out swinging
Batting: RHB Chris Temple 0-0: Ball
1-0: Ball
2-0: Called Strike
2-1: Foul Ball, location: 2F
2-2: Strikes out swinging
Batting: RHB Jon Coleman 0-0: Fly out, F8 (Flyball, 8LM, EV 98.8 MPH)
Top of the 2nd over - 0 runs, 0 hits, 0 errors, 0 left on base; Vermont 0 - Idaho Falls 0
BOTTOM OF THE 2ND
Idaho Falls Chukars batting - Pitching for Vermont Lake Monsters : LHP Steve Lima
Batting: RHB Ian Hornsby 0-0: Foul Ball, location: 2F
0-1: Swinging Strike
0-2: Strikes out swinging
Batting: RHB Jimmy Mayville 0-0: Ball
1-0: Ground out 4-3 (Groundball, 4, EV 83.8 MPH)
Batting: LHB David Bearden 0-0: Ground out 3-1 (Groundball, 34, EV 82.5 MPH)
Bottom of the 2nd over - 0 runs, 0 hits, 0 errors, 0 left on base; Vermont 0 - Idaho Falls 0
TOP OF THE 3RD
Vermont Lake Monsters batting - Pitching for Idaho Falls Chukars : RHP Tom Daniels
Batting: RHB Amare Brown 0-0: Foul Ball, location: 2F
0-1: Foul Ball, location: 2F
0-2: Ball
1-2: Ground out 6-3 (Groundball, 6, EV 106.9 MPH)
Batting: SHB Matt Sybrant 0-0: Ball
1-0: Ball
2-0: Called Strike
2-1: Ball
3-1: Base on Balls
Batting: RHB Chris Prinzing 0-0: Ball
1-0: Ball
2-0: Swinging Strike
2-1: Foul Ball, location: 2F
2-2: Strikes out swinging
Batting: RHB Walt Alaniz 0-0: SINGLE (Groundball, 34D, EV 110.6 MPH)
Matt Sybrant to second
Batting: SHB Steve Salafia 0-0: Ball
1-0: Ball
Passed Ball!
Matt Sybrant to third
Walt Alaniz to second
2-0: Ball
3-0: Base on Balls
Batting: RHB Zachary Anderson 0-0: Ball
1-0: Fielders Choice at 2nd, 6-4 (Groundball, 6, EV 81.9 MPH)
Top of the 3rd over - 0 runs, 1 hit, 0 errors, 3 left on base; Vermont 0 - Idaho Falls 0
BOTTOM OF THE 3RD
Idaho Falls Chukars batting - Pitching for Vermont Lake Monsters : LHP Steve Lima
Batting: RHB Rafael Tapia 0-0: Called Strike
0-1: Swinging Strike
0-2: Strikes out swinging
Batting: SHB Benoît Morin 0-0: Called Strike
0-1: Ball
1-1: Ball
2-1: TRIPLE (Flyball, 89XD, EV 100.0 MPH)
Batting: RHB Ruben Luis 0-0: Ground out U3 (Groundball, 3, EV 86.9 MPH)
Batting: RHB Trevor Kingston 0-0: Ball
1-0: Called Strike
1-1: Foul Ball, location: 2F
1-2: Ball
2-2: Ball
3-2: Ground out 5-3 (Groundball, 56S, EV 68.8 MPH)
Bottom of the 3rd over - 0 runs, 1 hit, 0 errors, 1 left on base; Vermont 0 - Idaho Falls 0
TOP OF THE 4TH
Vermont Lake Monsters batting - Pitching for Idaho Falls Chukars : RHP Tom Daniels
Batting: LHB Brian Puccio 0-0: Ball
1-0: Foul Ball, location: 2F
1-1: Ball
2-1: Ball
3-1: Ground out 4-3 (Groundball, 4M, EV 78.8 MPH)
Batting: RHB Chris Temple 0-0: Ball
1-0: Ball
2-0: Foul Ball, location: 2F
2-1: Foul Ball, location: 2F
2-2: Ball
3-2: Base on Balls
Batting: RHB Jon Coleman 0-0: Ball
1-0: Swinging Strike
1-1: Foul Ball, location: 2F
1-2: Ball
2-2: Strikes out swinging
Batting: RHB Amare Brown 0-0: Ball
1-0: Called Strike
1-1: Ball
2-1: DOUBLE (Groundball, 5L, EV 101.2 MPH)
Chris Temple to third
Batting: SHB Matt Sybrant 0-0: Called Strike
0-1: Ball
1-1: Ball
2-1: Swinging Strike
2-2: Strikes out swinging
Top of the 4th over - 0 runs, 1 hit, 0 errors, 2 left on base; Vermont 0 - Idaho Falls 0
BOTTOM OF THE 4TH
Idaho Falls Chukars batting - Pitching for Vermont Lake Monsters : LHP Steve Lima
Pitching: LHP Logan Stewart
Batting: RHB Chance Argy 0-0: Ball
1-0: Ball
2-0: Called Strike
2-1: Ball
3-1: Base on Balls
Batting: LHB Vicente Hernandez 0-0: Foul Ball, location: 2F
0-1: Foul Ball, location: 2F
0-2: Ball
1-2: Strikes out swinging
Batting: RHB Ian Hornsby 0-0: Ball
1-0: Fielders Choice at 2nd, 4-6 (Groundball, 4, EV 90.6 MPH)
Batting: RHB Jimmy Mayville 0-0: Ball
1-0: Fielders Choice at 2nd, 5-4 (Groundball, 5, EV 98.8 MPH)
Bottom of the 4th over - 0 runs, 0 hits, 0 errors, 1 left on base; Vermont 0 - Idaho Falls 0
TOP OF THE 5TH
Vermont Lake Monsters batting - Pitching for Idaho Falls Chukars : RHP Tom Daniels
Pitching: LHP Dustin Waller
Batting: RHB Chris Prinzing 0-0: Foul Ball, location: 2F
0-1: Foul Ball, location: 2F
0-2: Ball
1-2: Strikes out swinging
Batting: RHB Walt Alaniz 0-0: Ball
1-0: Swinging Strike
1-1: Ball
2-1: Ball
3-1: Foul Ball, location: 2F
3-2: Foul Ball, location: 2F
3-2: Ground out U3 (Groundball, 3, EV 79.4 MPH)
Batting: SHB Steve Salafia 0-0: Foul Ball, location: 2F
0-1: Called Strike
0-2: Ball
1-2: Ball
2-2: Strikes out swinging
Top of the 5th over - 0 runs, 0 hits, 0 errors, 0 left on base; Vermont 0 - Idaho Falls 0
BOTTOM OF THE 5TH
Idaho Falls Chukars batting - Pitching for Vermont Lake Monsters : LHP Logan Stewart
Batting: LHB David Bearden 0-0: Ball
1-0: Ball
2-0: Foul Ball, location: 2F
2-1: Foul Ball, location: 2F
2-2: Fly out, F7 (Line Drive, 7S, EV 90.0 MPH)
Batting: RHB Rafael Tapia 0-0: Called Strike
0-1: Called Strike
0-2: SINGLE (Groundball, 6D, EV 108.8 MPH)
Batting: SHB Benoît Morin 0-0: Called Strike
0-1: Ball
1-1: Foul Ball, location: 2F
1-2: Ball
2-2: Ground out 4-3 (Groundball, 34S, EV 82.5 MPH)
Rafael Tapia to second
Batting: RHB Ruben Luis 0-0: SINGLE (Groundball, 3D, EV 101.2 MPH)
Rafael Tapia to third
Runner from 3rd tries for Home, SAFE, throw by RF to home
Batting: RHB Trevor Kingston 0-0: Called Strike
0-1: Called Strike
Ruben Luis is caught stealing 2nd base 2-4
Bottom of the 5th over - 1 run, 2 hits, 0 errors, 0 left on base; Vermont 0 - Idaho Falls 1
TOP OF THE 6TH
Vermont Lake Monsters batting - Pitching for Idaho Falls Chukars : LHP Dustin Waller
Batting: RHB Zachary Anderson 0-0: Swinging Strike
0-1: Foul Ball, location: 2F
0-2: Ball
1-2: Strikes out swinging
Batting: LHB Brian Puccio 0-0: Ball
1-0: Called Strike
1-1: Ground out 4-3 (Groundball, 4, EV 79.4 MPH)
Batting: RHB Chris Temple 0-0: Ball
1-0: Ball
2-0: Ball
3-0: Base on Balls
Batting: RHB Jon Coleman 0-0: Swinging Strike
0-1: Swinging Strike
0-2: Strikes out swinging
Top of the 6th over - 0 runs, 0 hits, 0 errors, 1 left on base; Vermont 0 - Idaho Falls 1
BOTTOM OF THE 6TH
Idaho Falls Chukars batting - Pitching for Vermont Lake Monsters : LHP Logan Stewart
Batting: RHB Trevor Kingston 0-0: Ball
1-0: Ball
2-0: Ball
3-0: Base on Balls
Batting: RHB Chance Argy 0-0: Called Strike
0-1: Foul Ball, location: 2F
0-2: Ball
Balk!
Trevor Kingston to second
1-2: Foul Ball, location: 2F
1-2: Ground out U3 (Groundball, 34S, EV 83.1 MPH)
Trevor Kingston to third
Batting: LHB Vicente Hernandez 0-0: Ball
1-0: Ball
2-0: Ball
3-0: Called Strike
3-1: Foul Ball, location: 2F
3-2: Ground out U3 (Groundball, 34, EV 103.1 MPH)
Pitching: RHP Bill Dillard
Batting: RHB Ian Hornsby 0-0: Ball
1-0: Ball
2-0: Foul Ball, location: 2F
2-1: Foul Ball, location: 2F
2-2: Foul Ball, location: 2F
2-2: Strikes out swinging
Bottom of the 6th over - 0 runs, 0 hits, 0 errors, 1 left on base; Vermont 0 - Idaho Falls 1
TOP OF THE 7TH
Vermont Lake Monsters batting - Pitching for Idaho Falls Chukars : LHP Dustin Waller
Batting: RHB Amare Brown 0-0: Ball
1-0: Ball
2-0: Called Strike
2-1: Called Strike
2-2: Strikes out swinging
Batting: SHB Matt Sybrant 0-0: Ball
1-0: Called Strike
1-1: Swinging Strike
1-2: Strikes out swinging
Pitching: RHP Brett Essary
Batting: RHB Chris Prinzing 0-0: Ball
1-0: Foul Ball, location: 2F
1-1: Ball
2-1: Called Strike
2-2: Fly out, F9 (Flyball, 9, EV 84.4 MPH)
Top of the 7th over - 0 runs, 0 hits, 0 errors, 0 left on base; Vermont 0 - Idaho Falls 1
BOTTOM OF THE 7TH
Idaho Falls Chukars batting - Pitching for Vermont Lake Monsters : RHP Bill Dillard
Batting: RHB Jimmy Mayville 0-0: Ball
1-0: Called Strike
1-1: Foul Ball, location: 2F
1-2: Ball
2-2: SOLO HOME RUN (Flyball, 7D, EV 113.8 MPH), Distance : 448 ft
Batting: LHB David Bearden 0-0: Ball
1-0: Foul Ball, location: 2F
1-1: Ground out U3 (Groundball, 34S, EV 94.4 MPH)
Batting: RHB Rafael Tapia 0-0: SINGLE (Groundball, 6D, EV 98.1 MPH)
Batting: SHB Benoît Morin 0-0: Called Strike
0-1: Swinging Strike
0-2: Ball
1-2: Strikes out swinging
Batting: RHB Ruben Luis 0-0: Foul Ball, location: 2F
0-1: Called Strike
0-2: Strikes out swinging
Bottom of the 7th over - 1 run, 2 hits, 0 errors, 1 left on base; Vermont 0 - Idaho Falls 2
TOP OF THE 8TH
Vermont Lake Monsters batting - Pitching for Idaho Falls Chukars : RHP Brett Essary
Batting: RHB Walt Alaniz 0-0: Called Strike
0-1: Called Strike
0-2: Ball
1-2: Strikes out swinging
Batting: SHB Steve Salafia 0-0: Called Strike
0-1: Ball
1-1: Ball
2-1: SINGLE (Line Drive, 78S, EV 98.8 MPH)
Batting: RHB Zachary Anderson 0-0: Fielders Choice at 2nd, 5-4 (Groundball, 56S, EV 90.0 MPH)
Batting: LHB Brian Puccio 0-0: Ball
1-0: Foul Ball, location: 2F
1-1: Foul Ball, location: 2F
1-2: Ball
2-2: Ball
3-2: Foul Ball, location: 2F
3-2: Strikes out looking
Top of the 8th over - 0 runs, 1 hit, 0 errors, 1 left on base; Vermont 0 - Idaho Falls 2
BOTTOM OF THE 8TH
Idaho Falls Chukars batting - Pitching for Vermont Lake Monsters : RHP Bill Dillard
Batting: RHB Trevor Kingston 0-0: Ball
1-0: Ball
2-0: Fly out, F4 (Popup, 4M, EV 53.8 MPH)
Batting: RHB Chance Argy 0-0: Ball
1-0: Ball
2-0: Called Strike
2-1: Foul Ball, location: 2F
2-2: Foul Ball, location: 2F
2-2: Ball
3-2: Strikes out swinging
Pitching: LHP Cory Yeary
Batting: LHB Vicente Hernandez 0-0: Ball
1-0: Called Strike
1-1: Foul Ball, location: 2F
1-2: Strikes out swinging
Bottom of the 8th over - 0 runs, 0 hits, 0 errors, 0 left on base; Vermont 0 - Idaho Falls 2
TOP OF THE 9TH
Vermont Lake Monsters batting - Pitching for Idaho Falls Chukars : RHP Brett Essary
Batting: RHB Chris Temple 0-0: Called Strike
0-1: Foul Ball, location: 2F
0-2: Ball
1-2: Ball
2-2: Foul Ball, location: 2F
2-2: Ball
3-2: Fly out, F7 (Flyball, 7D, EV 104.4 MPH)
Batting: LHB Nick Pacheco 0-0: Foul Ball, location: 2F
0-1: Swinging Strike
0-2: Foul Ball, location: 2F
0-2: Ball
1-2: Ball
2-2: Strikes out looking
Batting: RHB Amare Brown 0-0: Called Strike
0-1: Foul Ball, location: 2F
0-2: Ball
1-2: Foul Ball, location: 2F
1-2: Ball
2-2: Strikes out swinging
Top of the 9th over - 0 runs, 0 hits, 0 errors, 0 left on base; Vermont 0 - Idaho Falls 2
Tuesday, March 28th , 2023 - OOTP Baseball 23.10 Build 110